 Dungeon Crawl Stone Soup version 0.26.1-2-gb8aa6d0cf2 (webtiles) character file.

Game seed: 13870403891251892211

186 Hudbad the Cudgeller (level 5, -11/41 HPs)
             Began as a Formicid Fighter on Mar 6, 2021.
             Was an Initiate of Okawaru.
             Killed by divine providence
             ... invoked by an orc priest
              (13 damage)
             ... on level 3 of the Dungeon.
             The game lasted 00:04:15 (2525 turns).

Hudbad the Cudgeller (Formicid Fighter)             Turns: 2525, Time: 00:04:15

Health: -11/41     AC: 10    Str: 21    XL:     5   Next: 97%
Magic:  5/5        EV:  9    Int:  7    God:    Okawaru [......]
Gold:   69         SH:  4    Dex: 11    Spells: 4/4 levels left

rFire    . . .     SeeInvis +   a - +0 flail
rCold    . . .     Faith    .   p - +0 buckler
rNeg     . . .     Spirit   .   b - +0 scale mail
rPois    .         Reflect  .   (helmet unavailable)
rElec    .         Harm     .   (no cloak)
rCorr    .         Rampage  .   (no gloves)
Will     .....                  (no boots)
Stlth    ..........             (no amulet)
HPRegen  0.13/turn              o - +4 ring of protection
MPRegen  0.09/turn              (no ring)

@: mighty
A: permanent stasis, dig shafts and tunnels, four strong arms, antennae 3
a: Dig, Shaft Self, Renounce Religion


You were on level 3 of the Dungeon.
You worshipped Okawaru.
Okawaru was noncommittal.
You visited 1 branch of the dungeon, and saw 3 of its levels.

You collected 69 gold pieces.

Inventory:

Hand Weapons
 a - a +0 flail (weapon)
Armour
 b - a +0 scale mail (worn)
 c - a +0 kite shield
 p - a +0 buckler (worn)
Jewellery
 o - a +4 ring of protection (left hand)
Wands
 r - a wand of polymorph (13)
Scrolls
 f - a scroll of amnesia {unknown}
 g - 2 scrolls of magic mapping {unknown}
 h - 2 scrolls of remove curse {unknown}
 j - 2 scrolls of identify {unknown}
 l - a scroll of immolation {unknown}
 n - 3 scrolls of teleportation {unknown}
 q - 2 scrolls of random uselessness {unknown}
Potions
 d - 2 potions of might
 e - a potion of lignification {unknown}
 i - a potion of curing {unknown}
 k - a potion of mutation {unknown}
 m - a potion of flight {unknown}


   Skills:
 - Level 3.2 Fighting
 + Level 5.7 Maces & Flails
 - Level 3.2 Armour
 - Level 3.6 Shields


You had 4 spell levels left.
You didn't know any spells.
Your spell library was empty.

Dungeon Overview and Level Annotations

Branches:
Dungeon (3/15)

Altars:
Ashenzari
Fedhas
Okawaru
Wu Jian
Xom
Yredelemnul


Innate Abilities, Weirdness & Mutations

You cannot be hasted, slowed, berserked, paralysed or teleported.
You can dig through walls and to a lower floor.
Your four strong arms can wield two-handed weapons with a shield.
You have a pair of large antennae on your head. (SInv)


Message History

The orc is heavily wounded.
The orc hits you but does no damage.
You barely miss the orc.
The orc is heavily wounded.
The orc priest miscasts a cantrip.
You block the orc priest's attack.
You barely miss the orc priest. The orc barely misses you.
The orc priest looks braver for a moment.
The orc priest hits you with a +0 short sword!
* * * LOW HITPOINT WARNING * * *
You feel very mighty all of a sudden. You block the orc's attack.
The orc priest hits you with a +0 short sword.
* * * LOW HITPOINT WARNING * * *
You barely miss the orc priest. The orc closely misses you.
The orc priest closely misses you.
You barely miss the orc priest. The orc hits you but does no damage.
The orc priest invokes the aid of Beogh against you.
Beogh smites you!
You die...

#.#.#. .$.....##
#.#.#. .......#
#.#.#. .......#
#.#.#.
......######.#.#.
#..............#.
....#..[......#.
###...#...........
#@oo..#######)####
#o#...# #.# #.#...#
#†#### ..#...#
#.....
.###...#######..###
.. #............#..
## ###########.##..
#.........#.
#.######..#.


You could see an orc priest, an orc wizard and an orc.

Vanquished Creatures
  Natasha (thrice) (D:2)
  5 adders (D:2)
  A dart slug (D:1)
  A leopard gecko (D:2)
  2 orcs (D:3)
  6 bats
  6 giant cockroaches
  5 goblins
  9 hobgoblins
  2 jackals (D:1)
  A quokka (D:2)
  A ball python (D:2)
  5 frilled lizards
  10 kobolds
  9 rats
66 creatures vanquished.

Notes
Turn   | Place    | Note
-------+----------+-------------------------------------------
     0 | D:1      | Hudbad the Formicid Fighter began the quest for the Orb.
     0 | D:1      | Reached XP level 1. HP: 18/18 MP: 1/1
     6 | D:1      | Noticed a black mamba
     6 | D:1      | Noticed an iguana
     6 | D:1      | Noticed an eight-headed hydra
     6 | D:1      | Noticed a hound
     6 | D:1      | Noticed a black bear
    43 | D:1      | Reached XP level 2. HP: 15/24 MP: 2/2
   290 | D:1      | Reached skill level 3 in Maces & Flails
   313 | D:1      | Reached XP level 3. HP: 14/29 MP: 3/3
  1043 | D:2      | Found an ornate altar of the Wu Jian Council.
  1060 | D:2      | Reached skill level 4 in Maces & Flails
  1060 | D:2      | Reached XP level 4. HP: 19/35 MP: 4/4
  1294 | D:2      | Noticed Natasha
  1306 | D:2      | Killed Natasha
  1312 | D:2      | Noticed Natasha
  1316 | D:2      | Killed Natasha
  1317 | D:2      | Reached XP level 5. HP: 21/41 MP: 5/5
  1517 | D:2      | Found an iron altar of Okawaru.
  1531 | D:2      | Reached skill level 5 in Maces & Flails
  1677 | D:2      | Became a worshipper of Warmaster Okawaru
  1937 | D:2      | Found a blossoming altar of Fedhas.
  1937 | D:2      | Found a broken altar of Ashenzari.
  1937 | D:2      | Found a shimmering altar of Xom.
  2012 | D:2      | Found a basalt altar of Yredelemnul.
  2162 | D:2      | Noticed Natasha
  2167 | D:2      | Killed Natasha
  2523 | D:3      | HP: 2/41 [orc priest/+0 short sword (1)]
  2525 | D:3      | Killed from afar by an orc priest

Illustrated notes

Levels and vault maps discovered:
D:1:      onia_arrival_zoo_common, layout_rooms
D:2:      layout_rooms, lemuel_doored_altar,
          gammafunk_temple_overflow_forgotten, okawaru_trees_2,
          old_standard_altar, serial_forest, infiniplex_forest_lined_corner,
          infiniplex_forest_lined_corner, infiniplex_forest_lined_2,
          infiniplex_forest_clump_double, infiniplex_forest_lined_room_,
          infiniplex_forest_zigzag_1, kennysheep_minor_cross, uniq_natasha
D:3:      layout_basic, grunt_dithmenos_smoke_and_mirrors

Skill      XL: |  1  2  3  4  5 |
---------------+----------------+-----
Maces & Flails | 3 4 5 |  5.7
Fighting       | |  3.2
Armour         | |  3.2
Shields        | |  3.6

Action                   |  1- 3 |  4- 6 || total
-------------------------+-------+-------++-------
Melee: Flail             |   133 |   140 ||   273
  Use: Potion            |       |     1 ||     1
Armor: Scale mail        |   114 |    83 ||   197
Dodge: Dodged            |    78 |    67 ||   145
Block: Kite shield       |   114 |    39 ||   153
       Buckler           |       |    17 ||    17
